 Dungeon Crawl Stone Soup version 0.31-a0-506-g3d79149578 (webtiles) character file.

Game seed: 6668898065637521200

6211 Bnni the Spear-Bearer (level 11, 0/68 (90) HPs)
             Began as a Formicid Fighter on Aug 9, 2023.
             Was an Initiate of Yredelemnul.
             Killed by divine providence
             ... invoked by an orc priest
              (15 damage)
             ... on level 9 of the Dungeon.
             The game lasted 00:17:44 (9499 turns).

Bnni the Spear-Bearer (Formicid Fighter)            Turns: 9499, Time: 00:17:44

HP:   0/68 (90)     AC: 15    Str: 25    XL:     11   Next: 14%
MP:   26/26         EV: 21    Int:  8    God:    Yredelemnul [......]
Gold: 555           SH:  5    Dex: 13    Spells: 10/10 levels left

rFire   . . .        e - +0 spear (venom)
rCold   . . .        c - +0 buckler
rNeg    . . .        d - +0 plate armour
rPois   .            (helmet unavailable)
rElec   .            K - +2 cloak
rCorr   .            J - +0 pair of gloves
SInv    +            (no boots)
Will    +....        k - amulet of the acrobat Stlth
                     n - ring of magical power
HPRegen 0.31/turn    (no ring)
MPRegen 0.20/turn

%: acrobat
@: acrobatic, heavily drained
A: permanent stasis, dig shafts and tunnels, antennae 3, four strong arms
a: Dig, Shaft Self, Renounce Religion, Recall Undead Harvest


You were on level 9 of the Dungeon.
You worshipped Yredelemnul.
Yredelemnul was aware of your devotion.
You visited 2 branches of the dungeon, and saw 10 of its levels.

You collected 595 gold pieces.
You spent 40 gold pieces at shops.

Inventory:

Hand Weapons
 a - a +0 trident
 e - a +0 spear of venom (weapon)
 D - a +3 battleaxe
Missiles
 q - 2 curare-tipped darts
 w - 6 poisoned darts
 C - 13 boomerangs
Armour
 c - a +0 buckler (worn)
 d - a +0 plate armour (worn)
 J - a +0 pair of gloves (worn)
 K - a +2 cloak (worn)
Magical Staves
 h - a staff of earth
Jewellery
 k - an amulet of the acrobat (around neck)
 n - a ring of magical power (left hand)
 y - a ring of fire
Wands
 v - a wand of iceblast (19)
 x - a wand of mindburst (5)
 F - a wand of flame (2)
 H - a wand of paralysis (12)
Scrolls
 b - 2 scrolls of noise {unknown}
 g - a scroll of revelation
 l - 3 scrolls of vulnerability {unknown}
 o - a scroll of amnesia {unknown}
 p - 2 scrolls of fog {unknown}
 s - 2 scrolls of immolation {unknown}
 t - 4 scrolls of enchant armour
 u - 2 scrolls of fear
 z - 2 scrolls of blinking {unknown}
 A - a scroll of poison {unknown}
 L - 2 scrolls of silence {unknown}
 M - a scroll of enchant weapon
Potions
 f - a potion of attraction {unknown}
 i - 6 potions of curing
 j - a potion of lignification {unknown}
 m - 2 potions of heal wounds
 r - a potion of brilliance {unknown}
 B - 3 potions of cancellation {unknown}
 E - a potion of magic {unknown}
 G - 2 potions of might
 I - a potion of mutation {unknown}


   Skills:
 + Level 9.6 Fighting
 * Level 11.8 Polearms
 - Level 3.2 Armour
 - Level 5.0 Shields
 + Level 8.5 Invocations


You had 10 spell levels left.
You didn't know any spells.
Your spell library contained the following spells:

 Spells                   Type           Power      Damage    Failure   Level
 Necrotise                Necr           0%         1d4       100%        1
 Sting                    Tmut/Pois      0%         1d3       100%        1
 Cigotuvi's Dreadful Rot  Necr/Pois/Air  0%         N/A       100%        2
 Poisonous Vapours        Pois/Air       0%         N/A       100%        2
 Call Canine Familiar     Summ           0%         N/A       100%        3
 Ignite Poison            Fire/Tmut/Pois 0%         N/A       100%        3
 Inner Flame              Hex/Fire       0%         N/A       100%        3
 Ozocubu's Armour         Ice            0%         N/A       100%        3
 Portal Projectile        Hex/Tloc       0%         N/A       100%        3
 Vampiric Draining        Necr           0%         2d6       100%        3
 Anguish                  Hex/Necr       0%         N/A       100%        4
 Animate Armour           Summ/Erth      0%         N/A       100%        4
 Cause Fear               Hex            0%         N/A       100%        4
 Flame Wave               Conj/Fire      0%         2d4       100%        4
 Leda's Liquefaction      Hex/Erth       0%         N/A       100%        4
 Olgreb's Toxic Radiance  Pois           0%         N/A       100%        4
 Sticky Flame             Conj/Fire      0%         2d3       100%        4
 Summon Lightning Spire   Summ/Air       0%         N/A       100%        4
 Agony                    Necr           0%         N/A       100%        5
 Freezing Cloud           Conj/Ice/Air   0%         6-21      100%        5
 Lee's Rapid Deconstruct  Erth           0%         3d4*      100%        5
 Enfeeble                 Hex            0%         N/A       100%        7
 Ozocubu's Refrigeration  Ice            0%         4d7       100%        7


Dungeon Overview and Level Annotations

Branches:
Dungeon (9/15)             Temple (1/1) D:4
   Lair: D:8-11         Orc: D:9-12

Altars:
Ashenzari
Cheibriados
Dithmenos
Elyvilon
Fedhas
Gozag
Hepliaklqana
Kikubaaqudgha
Makhleb
Nemelex Xobeh
Okawaru
Qazlal
Ru
Sif Muna
Trog
Uskayaw
Vehumet
Wu Jian
Xom
Yredelemnul
Zin
The Shining One

Shops:
D:4 =!

Annotations:
Temple 2 transporters


Innate Abilities, Weirdness & Mutations

You cannot be hasted, slowed, berserked, paralysed or teleported.
You can dig through walls and to a lower floor.
You have a pair of large antennae on your head. (SInv)
Your four strong arms can wield two-handed weapons with a shield.


Message History

The orc priest mumbles some strange prayers to Beogh against you.
Beogh smites you!
* * * LOW HITPOINT WARNING * * *
Reach: e) +0 spear (venom)
Press: ? - help, Dir - move target, f/p - orc
Aim: an orc, wielding a +0 trident and wearing a +1 ring mail of fire resistance (moderately wounded, very poisoned, ally target, about 28% to evade your +0 spear of venom)
You reach to attack!
You hit the orc but do no damage.
The orc looks as sick as possible!
The orc is moderately wounded.
Unknown command.
You extend your mandibles.
You dig through the rock wall.
You feel drained. Something hits your orc zombie.
Something barely misses your orc zombie.
The orc hits your orc zombie with a +2 vampiric hand axe.
Your orc zombie is destroyed!
The orc barely misses your orc zombie.
Your orc zombie barely misses the orc.
Unknown command.
You dig through the rock wall.
You feel drained.
Your orc zombie hits the orc but does no damage.
You dig through the rock wall.
You feel drained.
You feel a bit more experienced.
You start resting.
You sense a monster nearby.
You start resting.
An orc is nearby!
You are too injured to fight recklessly!
You are too injured to fight recklessly!
You retract your mandibles.
You hit the orc.
The orc is poisoned.
The orc is moderately wounded.
The orc hits you but does no damage.
You hit the orc but do no damage.
The orc looks as sick as possible!
The orc is moderately wounded.
You hit the orc.
You kill the orc!
The dead are walking!
The orc priest calls down the wrath of Beogh upon you.
Beogh smites you!
You die...
Your body rises from the dead as a mindless zombie.

### #..#
#.# #
###.###
#.##
####.....#
#..#
.........#
##.#
####.....#
#.#
#.....#
#.#
#######
#.## ##.Z#
##@#.##
#.#.o.#
#####)#
#.o{{oo.#
+.o{o...#
#...o...#
#._.....#
#......$#
#....$..#


You could see an orc priest, 2 orcs and a friendly orc zombie.

Vanquished Creatures
  Pikel (D:9)
  A troll (D:9)
  A shadow (D:9)
  A vampire (D:8)
  Eustachio (D:4)
  5 yaks
  An acid dragon (D:8)
  Duvessa (D:4)
  2 water moccasins
  4 orc warriors
  A black bear (D:4)
  2 ogres (D:5)
  A phantom (D:3)
  A lemure (D:9)
  2 kobold brigands
  5 bullfrogs
  Blork the orc (D:3)
  5 scorpions
  5 wights (D:9)
  Dowan (D:4)
  10 killer bees
  6 electric eels (D:9)
  A vampire bat (D:5)
  A howler monkey (D:5)
  A hound (D:4)
  A gnoll bouda (D:5)
  5 orc priests
  A sleepcap (D:5)
  7 orc wizards
  9 adders
  2 gnolls
  2 white imps (D:7)
  2 ufetubi
  2 worms (D:3)
  3 dart slugs
  38 orcs
  6 ball pythons
  15 endoplasms
  A giant cockroach (D:3)
  7 goblins
  4 hobgoblins
  9 kobolds
  4 quokkas
  10 bats
  A frilled lizard (D:1)
  4 rats
194 creatures vanquished.

Vanquished Creatures (collateral kills)
  A komodo dragon (D:9)
  A yak (D:8)
  A centaur (D:9)
  2 bullfrogs (D:7)
  A crimson imp (D:6)
  A jelly (D:4)
  An orc priest (D:7)
  2 gnolls (D:5)
  2 orcs
  A bat (D:5)
13 creatures vanquished.

Vanquished Creatures (others)
  3 yak zombies (D:8)
  A troll zombie (D:9)
  A bullfrog zombie (D:9)
  2 killer bee zombies (D:9)
  A howler monkey zombie (D:5)
  3 adder zombies
  A jelly zombie (D:4)
  4 bat zombies (D:5)
  3 gnoll zombies (D:5)
  A goblin zombie (D:4)
  2 kobold zombies (D:9)
  15 orc zombies
  A quokka zombie (D:4)
38 creatures vanquished.

Grand Total: 245 creatures vanquished

Notes
Turn   | Place    | Note
-------+----------+-------------------------------------------
     0 | D:1      | Bnni the Formicid Fighter began the quest for the Orb.
     0 | D:1      | Reached XP level 1. HP: 18/18 MP: 1/1
    74 | D:1      | Reached XP level 2. HP: 24/24 MP: 2/2
   201 | D:1      | Reached XP level 3. HP: 27/29 MP: 3/3
  1121 | D:2      | Identified the +6 whip of Qesaneyth {freeze, rC+ SInv}
  1344 | D:2      | Reached skill level 3 in Polearms
  1344 | D:2      | Reached skill level 5 in Shields
  1344 | D:2      | Reached XP level 4. HP: 22/37 MP: 4/4
  2050 | D:3      | Noticed a phantom
  2062 | D:3      | Killed a phantom
  2063 | D:3      | Reached skill level 4 in Polearms
  2063 | D:3      | Reached XP level 5. HP: 27/43 MP: 5/5
  2228 | D:4      | Noticed Blork the orc
  2243 | D:3      | Killed Blork the orc
  2244 | D:3      | Reached XP level 6. HP: 19/49 MP: 6/6
  2381 | D:4      | Noticed a black bear
  2395 | D:4      | Killed a black bear
  2396 | D:4      | Reached skill level 5 in Polearms
  2400 | D:4      | Reached skill level 5 in Fighting
  2527 | D:4      | Noticed Dowan
  2655 | D:4      | Reached XP level 7. HP: 46/56 MP: 7/7
  2729 | D:4      | Found a staircase to the Ecumenical Temple.
  2732 | D:4      | Noticed Eustachio
  2769 | D:4      | Killed Eustachio
  2770 | D:4      | Reached skill level 6 in Polearms
  2779 | Temple   | Found a transporter.
  2779 | Temple   | Found a transporter.
  2779 | Temple   | Found a transporter.
  2779 | Temple   | Found a transporter.
  2779 | Temple   | Entered the Ecumenical Temple
  2794 | Temple   | Became a worshipper of Yredelemnul the Dark
  3000 | D:4      | Reached * piety under Yredelemnul
  3012 | D:4      | Noticed Duvessa
  3326 | D:4      | Killed Duvessa
  3327 | D:4      | Reached skill level 1 in Invocations
  3328 | D:4      | Killed Dowan
  3329 | D:4      | Reached XP level 8. HP: 60/64 MP: 9/9
  3383 | D:4      | Found Kityong's Distillery.
  3397 | D:4      | Bought a potion of curing for 30 gold pieces
  3397 | D:4      | Bought a potion of degeneration for 10 gold pieces
  3459 | D:4      | Found Izaafen's Jewellery Boutique.
  3549 | D:5      | Entered Level 5 of the Dungeon
  3742 | D:5      | Reached skill level 7 in Polearms
  4075 | D:5      | Reached ** piety under Yredelemnul
  4670 | D:6      | Found a burning altar of Makhleb.
  4671 | D:6      | Found a radiant altar of Vehumet.
  4887 | D:6      | Reached skill level 8 in Polearms
  4887 | D:6      | Reached XP level 9. HP: 59/71 MP: 12/12
  5499 | D:7      | Reached skill level 5 in Invocations
  5972 | D:7      | Reached skill level 9 in Polearms
  5991 | D:7      | Found a sparkling altar of Nemelex Xobeh.
  6197 | D:7      | Reached *** piety under Yredelemnul
  6916 | D:8      | Reached XP level 10. HP: 43/80 MP: 14/14
  6918 | D:8      | Reached skill level 10 in Polearms
  8162 | D:9      | Found a glowing golden altar of the Shining One.
  8339 | D:9      | Found a shadowy altar of Dithmenos.
  8339 | D:9      | Found an ornate altar of the Wu Jian Council.
  8344 | D:9      | Found a bloodstained altar of Trog.
  8347 | D:9      | Found a white marble altar of Elyvilon.
  8349 | D:9      | Found a hide-covered altar of Uskayaw.
  8354 | D:9      | Found a hazy altar of Hepliaklqana.
  8609 | D:9      | Reached skill level 11 in Polearms
  8975 | D:9      | Noticed Pikel
  8994 | D:9      | Noticed a komodo dragon
  9001 | D:9      | Killed Pikel
  9002 | D:9      | Reached XP level 11. HP: 24/89 MP: 17/17
  9315 | D:9      | Found a stormy altar of Qazlal.
  9322 | D:9      | Identified the +0 robe of Disguise {rF- Dex+3}
  9499 | D:9      | Killed from afar by an orc priest

Illustrated notes

Levels and vault maps discovered:
D:1:      dpeg_arrival_shelter, layout_rooms
D:2:      layout_basic, chequers_serial_rivers_room_a, minmay_puff
D:3:      layout_loops_ring
D:4:      layout_rooms, minmay_temple_entry_statues_pillars, serial_shops, shop,
          kennysheep_little_box, minmay_bisected, uniq_eustachio, uniq_duvessa,
          uniq_blork_the_orc
D:5:      layout_cave_pools, minmay_statues_item, roderic_batcave, minivault_4
D:6:      layout_gridville, grunt_temple_overflow_lords_of_destruction,
          hangedman_decor_peaks_small
D:7:      layout_layer_cave, mainiacjoe_overflow_cross_hatched,
          roderic_serpentine_path
D:8:      layout_basic, grunt_ministairs_14
D:9:      layout_roguey [special_room_orc],
          nicolae_overflow_hallway_of_the_gods, amcnicky_altar_gilded,
          mainiacjoe_overflow_concentric_impassable,
          grunt_lair_entry_orc_guard_hut, serial_bayou_lake_a, uniq_pikel
Temple:   hellmonk_temple_divided_pantheon

Skill      XL: |  1  2  3  4  5  6  7  8  9 10 |
---------------+-------------------------------+-----
Polearms       | 3 4 5 6 8 9 11 | 11.8
Shields        | 5 |  5.0
Fighting       | 4 5 6 8 9 |  9.6
Invocations    | 1 4 6 8 |  8.5
Armour         | |  3.2

Action                     |  1- 3 |  4- 6 |  7- 9 | 10-12 || total
---------------------------+-------+-------+-------+-------++-------
  Melee: Trident           |    72 |    98 |    60 |    69 ||   299
         Spear             |       |       |   295 |   254 ||   549
         Battleaxe         |       |       |       |    13 ||    13
  Throw: Dart              |       |     2 |     2 |       ||     4
 Invoke: Dark Bargain      |       |       |     1 |     1 ||     2
Ability: Dig               |     2 |       |     2 |     1 ||     5
  Evoke: Wand              |       |       |    10 |     7 ||    17
    Use: Scroll            |       |     2 |     7 |       ||     9
         Potion            |       |       |     3 |       ||     3
   Stab: Distracted        |       |       |     2 |     1 ||     3
 Armour: Scale mail        |    22 |    32 |     8 |       ||    62
         Plate armour      |       |       |    98 |    81 ||   179
  Dodge: Dodged            |    22 |    38 |    84 |    56 ||   200
  Block: Buckler           |    14 |    27 |    42 |    34 ||   117

Table legend: (Time is in decaauts)
 A = Elapsed time spent in this place.
 B = Non-inter-level travel time spent in this place.
 C = Inter-level travel time spent in this place.
 D = Time resting spent in this place.
 E = Time spent auto-exploring this place.
 F = Levels seen in this place.
 G = Mean time per level.
                   A        B        C        D        E       F      G
               +--------+--------+--------+--------+--------+-----+--------+
         Total |   9328 |   9054 |    274 |   1267 |   6118 |  10 |  932.8 |
       Dungeon |   9260 |   8986 |    274 |   1229 |   6118 |   9 | 1028.9 |
        Temple |     68 |     68 |      0 |     38 |      0 |   1 |   68.0 |
               +--------+--------+--------+--------+--------+-----+--------+

Top non-repeatable levels by time:
     D:9: 1401 daAuts
     D:8: 1326 daAuts
     D:7: 1221 daAuts
     D:3: 1120 daAuts
     D:2: 1094 daAuts
     D:5: 957 daAuts
     D:4: 893 daAuts
     D:6: 842 daAuts
     D:1: 403 daAuts
  Temple: 68 daAuts
